 Dungeon Crawl Stone Soup version 0.20.1-1-g8b1a95d66d (webtiles) character file.

44 Kublaii the Skirmisher (level 3, -5/49 HPs)
             Began as a Draconian Berserker on Dec 14, 2017.
             Was a Follower of Trog.
             Slain by Sigmund
             ... wielding a +0 scythe
              (12 damage)
             ... on level 2 of the Dungeon.
             The game lasted 00:06:49 (1048 turns).

Kublaii the Skirmisher (Draconian Berserker)        Turns: 1048, Time: 00:06:49

Health: -5/49      AC:  5    Str: 30    XL:     3   Next: 41%
Magic:  0/3        EV: 13    Int:  7    God:    Trog [*.....]
Gold:   42         SH:  0    Dex: 10    Spells: 2/2 levels left

rFire    . . .     SeeInvis .   a - +0 short sword
rCold    . . .     Gourm    .   (no shield)
rNeg     . . .     Faith    .   (armour unavailable)
rPois    .         Spirit   +   (helmet restricted)
rElec    .         Reflect  .   g - scarf {Spirit}
rCorr    .         Harm     .   (no gloves)
MR       .....                  (no boots)
Stlth    ..........             (no amulet)
Regen    0.2/turn               l - ring of flight
MPRegen  0.1/turn               n - +3 ring of strength

@: berserking, very quick
A: unfitting armour, screaming 1, strong 1, cold-blooded, AC +5
a: Berserk, Burn Spellbooks, Renounce Religion, Evoke Flight


You were on level 2 of the Dungeon.
You worshipped Trog.
Trog was aware of your devotion.
You were hungry.

You visited 1 branch of the dungeon, and saw 2 of its levels.

You collected 42 gold pieces.

Inventory:

Hand Weapons
 a - a +0 short sword (weapon)
 b - a +0 hunting sling
Missiles
 e - 26 stones (quivered)
 o - 21 sling bullets
Armour
 g - a scarf of spirit shield (worn)
Jewellery
 l - a ring of flight (left hand)
 n - a +3 ring of strength (right hand)
Scrolls
 c - a scroll of magic mapping {unknown}
 k - 2 scrolls of teleportation {unknown}
 m - 3 scrolls of identify {unknown}
Potions
 d - 2 potions of heal wounds
Comestibles
 f - 4 fruits
 h - a meat ration
 j - 3 bread rations


   Skills:
 - Level 4.2 Fighting
 - Level 3.0 Short Blades
 + Level 3.4 Dodging
 + Level 0.0 Stealth


You had 2 spell levels left.
You didn't know any spells.

Dungeon Overview and Level Annotations

Branches:
Dungeon (2/15)

Altars:
Cheibriados
Hepliaklqana

Annotations:
D:2 Sigmund


Innate Abilities, Weirdness & Mutations

Your plain brown scales are hard. (AC +5)
You cannot fit into any form of body armour.
You are cold-blooded and may be slowed by cold attacks.
You occasionally shout uncontrollably at your foes.
Your muscles are strong. (Str +2)


Message History

Firing (i - inventory. (,) - cycle):
e - 28 stones (quivered)
Press: ? - help, Shift-Dir - straight line You shoot a stone.
Firing (i - inventory. (,) - cycle):
e - 27 stones (quivered)
Press: ? - help, Shift-Dir - straight line You shoot a stone.
A magic dart appears from out of thin air!
The magic dart hits you!
It was a potion of mutation.
You feel extremely strange.
You feel the urge to shout.
You feel stronger. Something hits you!
Wield which item (- for none, * to show all)? (? for menu, Esc to quit)
a - a +0 short sword (weapon)
Something hits you!
* * * LOW HITPOINT WARNING * * *
A red film seems to cover your vision as you go berserk!
You feel yourself moving faster!
You feel mighty!
You are feeling hungry.
You barely miss something. Something hits you!
You die...

### ##+## #..##
#.# # #..####.# #.
#.......# ##.##
##.###### ##...##
#.# #.....## #.#
#.....## #.#
##.....#####.#
#####...(...){@..#
..........[#######
#####....## #?#{##
.......
#.##.####.# # #( #
#. #.


There were no monsters in sight!

Vanquished Creatures
  Jessica (D:2)
  An ooze (D:1)
  2 dart slugs (D:1)
  2 goblins
  A hobgoblin (D:2)
  A ball python (D:1)
  2 frilled lizards
  A kobold (D:1)
  2 rats
13 creatures vanquished.

Notes
Turn   | Place    | Note
-------+----------+-------------------------------------------
     0 | D:1      | Kublaii the Draconian Berserker began the quest for the Orb.
     0 | D:1      | Reached XP level 1. HP: 19/19 MP: 1/1
   365 | D:1      | Reached XP level 2. HP: 25/26 MP: 2/2
   831 | D:2      | Found a snail-covered altar of Cheibriados.
   893 | D:2      | Found a hazy altar of Hepliaklqana.
  1013 | D:2      | Noticed Jessica
  1018 | D:2      | Killed Jessica
  1018 | D:2      | Reached skill level 4 in Fighting
  1018 | D:2      | Reached XP level 3. HP: 33/33 MP: 3/3
  1029 | D:2      | Noticed Sigmund
  1044 | D:2      | Gained mutation: You occasionally shout uncontrollably at your foes. [potion of mutation]
  1044 | D:2      | Gained mutation: Your muscles are strong. (Str +2) [potion of mutation]
  1048 | D:2      | Slain by Sigmund

Skill      XL: |  1  2 |
---------------+-------+-----
Dodging        | 3 |  3.4
Fighting       | 4 |  4.2
Short Blades   | |  3.0

Action                   || total
-------------------------++-------
Melee: Short sword       ||    23
       Tailslap          ||     2
 Fire: Hunting sling     ||    22
Throw: Stone             ||    12
Invok: Berserk           ||     1
  Use: Potion            ||     2
Armor: Skin              ||     5
Dodge: Dodged            ||    10
